 Dungeon Crawl Stone Soup version 0.31.0-32-g396128a36d (webtiles) character file.

Game seed: 6111661354601943528

3863 ScribbleSquid the Mimic (level 10, -3/72 HPs)
             Began as an Octopode Shapeshifter on Mar 20, 2024.
             Was an Initiate of Gozag.
             Killed by divine providence
             ... invoked by an orc priest
              (13 damage)
             ... on level 8 of the Dungeon on Mar 21, 2024.
             The game lasted 00:12:36 (8908 turns).

ScribbleSquid the Mimic (Octopode Shapeshifter)     Turns: 8908, Time: 00:12:37

Health: -3/72      AC:  3    Str: 13    XL:     10   Next: 19%
Magic:  10/10      EV: 22    Int: 13    God:    Gozag
Gold:   762        SH:  0    Dex: 22    Spells: 9/9 levels left

rFire   + .          .
                       - Unarmed
rCold   . . .        (shield currently unavailable)
rNeg    . . .        B - +2 hat
rPois   +            r - amulet of magic regeneration
rElec   .            D - +6 ring of dexterity
rCorr   .            P - ring of poison resistance
SInv    +            v - ring of see invisible
Will    .....        L - ring of flight
Stlth   ++           f - ring of protection from fire
HPRegen 0.32/turn    (no ring)
MPRegen 0.52/turn    (no ring)
                     (no ring)

%: no passive effects
@: flux-form, gold aura, flying, glowing, studying Ranged Weapons
A: glow, contaminating, almost no armour, amphibious, 8 rings, camouflage 1,
gelatinous body 1, (nimble swimmer 1), tentacles
a: Begin Untransformation, Renounce Religion, Potion Petition, Call Merchant,
Bribe Branch


You were on level 8 of the Dungeon.
You worshipped Gozag.
Gozag was pleased with you.
You were something dangerously unstable.
You visited 2 branches of the dungeon, and saw 9 of its levels.

You collected 882 gold pieces.
You paid 120 gold pieces to Gozag.


Innate Abilities, Weirdness & Mutations

You are something dangerously unstable.
You glow with magical radiation, making you easy to see and hit.
Foes you strike become dangerously contaminated with magical radiation.
You are incapable of wielding weapons or throwing items.
You cannot wear most types of armour.
You are amphibious.
You can wear up to eight rings at the same time.
Your skin changes colour to match your surroundings (Stealth+).
Your rubbery body absorbs attacks. (AC +1, EV +1)
((You are camouflaged when in or above water. (Stealth+)))
You have tentacles for arms and can constrict up to eight enemies at once.


   Skills:
 + Level 7.7 Fighting
 - Level 7.0 Dodging
 - Level 2.0 Stealth
 + Level 6.8 Unarmed Combat
 - Level 8.0 Shapeshifting


You had 9 spell levels left.
You didn't know any spells.
Your spell library contained the following spells:

 Spells                   Type           Power      Damage    Failure   Level
 Freeze                   Ice            0%         1d3       30%         1
 Static Discharge         Conj/Air       0%         3-3/arc   43%         2
 Frozen Ramparts          Ice            0%         1d1       67%         3
 Hailstorm                Conj/Ice       0%         3d5       67%         3
 Summon Ice Beast         Ice/Summ       0%         N/A       67%         3
 Airstrike                Air            0%         2d(0-16)  97%         4
 Summon Lightning Spire   Summ/Air       0%         N/A       97%         4
 Summon Mana Viper        Hex/Summ       0%         N/A       100%        5
 Monstrous Menagerie      Summ           0%         N/A       100%        7

Inventory:

Hand Weapons
 h - a +1 whip of venom
Armour
 B - a +2 hat (worn)
Magical Staves
 k - a staff of fire {!a}
Jewellery
 f - a ring of protection from fire (on tentacle)
 r - an amulet of magic regeneration (around mantle)
 v - a ring of see invisible (on tentacle)
 C - a ring of ice
 D - a +6 ring of dexterity (left tentacle)
 L - a ring of flight (on tentacle)
 P - a ring of poison resistance (right tentacle)
Talismans
 b - a beast talisman
 c - a flux talisman (active)
Wands
 y - a wand of polymorph (8)
 A - a wand of iceblast (16)
 E - a wand of mindburst (8)
Scrolls
 d - 6 scrolls of identify {unknown}
 e - 2 scrolls of fog {unknown}
 g - 3 scrolls of teleportation {unknown}
 j - a scroll of fear
 l - 4 scrolls of immolation {unknown}
 m - a scroll of poison {unknown}
 q - a scroll of amnesia {unknown}
 t - a scroll of revelation {unknown}
 u - a scroll of brand weapon {unknown}
 F - a scroll of acquirement {unknown}
Potions
 a - a potion of lignification
 i - a potion of ambrosia {unknown}
 n - 2 potions of brilliance {unknown}
 o - 2 potions of mutation {unknown}
 p - 2 potions of magic {unknown}
 s - 3 potions of heal wounds {unknown}
 w - a potion of attraction {unknown}
 x - a potion of cancellation {unknown}

Dungeon Overview and Level Annotations

Branches:
Dungeon (8/15)             Temple (1/1) D:5
   Lair: D:8-11

Altars:
Ashenzari
Cheibriados
Dithmenos
Elyvilon
Fedhas
Gozag
Hepliaklqana
Kikubaaqudgha
Nemelex Xobeh
Okawaru
Qazlal
Ru
Sif Muna
Trog
Uskayaw
Vehumet
Wu Jian
Xom
Yredelemnul
Zin
The Shining One

Shops:
D:8 ((

Annotations:
D:8 exclusion: oklob plant #.#####.### ##.▒ #PP

#.#.......# ##..▒P##P
#.#.###.#.# #...▒PPP.
#.#.# #.#.####...▒PP.#
#.#.###.#......#.▒P.♣P
#.......########.▒PPPP
#####.### #.▒♣P.P #.#
#+▒PP.P #p# ▒P..P #$#
▒PP.. #o. P. #... P.
..... ▒▒ #...## ...##
..##


You could see an orc priest.


Message History

The orc priest is distracted by your dazzling golden aura.
You barely miss the orc wizard.
The orc priest shouts!
You grab the orc wizard. You constrict the orc wizard.
The orc wizard hits you with a +2 dagger of venom.
* * * LOW HITPOINT WARNING * * *
Unknown command.
You tentacle-slap the orc wizard but do no damage.
The orc wizard begins to glow.
The orc wizard is lightly wounded.
You constrict the orc wizard.
The orc priest is no longer distracted by gold.
The orc wizard completely misses you. The orc priest misses you.
You tentacle-slap the orc wizard but do no damage.
The orc wizard glows dangerously bright.
The orc wizard is moderately wounded.
You constrict the orc wizard. The orc wizard closely misses you.
The orc priest misses you.
You tentacle-slap the orc wizard but do no damage.
The orc wizard shudders as magic cascades through it!!
You kill the orc wizard!
The orc priest barely misses you.
You tentacle-slap the orc.
The orc begins to glow.
You grab the orc.
The orc is almost dead.
You constrict the orc.
You kill the orc!
The orc priest calls down the wrath of Beogh upon you.
Beogh smites you!
You die...
Your body crumbles into a pile of gold.

Skill      XL: |  1  2  3  4  5  6  7  8  9 |
---------------+----------------------------+-----
Fighting       | 2 3 4 5 6 7 |  7.7
Stealth        | 2 |  2.0
Shapeshifting  | 4 5 6 7 8 |  8.0
Unarmed Combat | 6 |  6.8
Dodging        | 3 7 |  7.0

Action                     |  1- 3 |  4- 6 |  7- 9 | 10-12 || total
---------------------------+-------+-------+-------+-------++-------
  Melee: Unarmed           |    58 |    60 |   258 |    63 ||   439
         Constrict         |    15 |    21 |    78 |    18 ||   132
         Tentacles         |    11 |    19 |    90 |    15 ||   135
         Punch             |     2 |     1 |     1 |       ||     4
         Whip              |       |    68 |       |       ||    68
    Use: Potion            |       |     1 |       |       ||     1
         Scroll            |       |     2 |       |       ||     2
   Stab: Sleeping          |     7 |    16 |    12 |     1 ||    36
         Distracted        |       |     1 |     2 |       ||     3
 Armour: Skin              |    20 |    97 |   118 |    12 ||   247
  Dodge: Dodged            |    30 |    69 |   223 |    62 ||   384
   Form: Flux              |       |       |     1 |       ||     1

Levels and vault maps discovered:
D:1:      heliophobic_arrival_enchanted_forest, layout_loops_corners
D:2:      layout_loops_ring, grunt_ministairs_1
D:3:      layout_rooms, overflow_temple_1_default,
          hellmonk_ecumenical_altar_heavens_door, uniq_terence
D:4:      layout_layer_cave, mainiacjoe_overflow_big_doors,
          nicolae_figureground_sparkle
D:5:      layout_basic, lemuel_round_altar, minmay_temple_entry_enclosed_plants,
          minmay_manual_macuahuitl
D:6:      layout_loops_ring, grunt_temple_overflow_order_and_chaos_1,
          serial_bayou_pond_d, nicolae_fountain_basement
D:7:      layout_cave_pools, trog_three_pillars_becter, st_stairs_10
D:8:      layout_loops_corners, mainiacjoe_overflow_small_starburst, tgw_fedhas,
          serial_shops, kennysheep_little_box, shop, nicolae_take_the_stairs,
          shop, uniq_erica, uniq_psyche
Temple:   hellmonk_temple_flake

Notes
Turn   | Place    | Note
-------+----------+-------------------------------------------
     0 | D:1      | ScribbleSquid the Octopode Shapeshifter began the quest for
                  | the Orb.
     0 | D:1      | Reached XP level 1. HP: 13/13 MP: 1/1
    59 | D:1      | Reached skill level 2 in Fighting
    59 | D:1      | Reached XP level 2. HP: 10/19 MP: 2/2
    61 | D:1      | HP: 1/19 [frozen (5)]
   634 | D:1      | Reached XP level 3. HP: 18/25 MP: 3/3
   716 | D:1      | Reached skill level 1 in Stealth
  1218 | D:2      | Reached skill level 3 in Fighting
  1227 | D:2      | Reached skill level 2 in Stealth
  1262 | D:2      | Reached XP level 4. HP: 15/31 MP: 4/4
  2078 | D:3      | Noticed Terence
  2083 | D:3      | Killed Terence
  2084 | D:3      | Reached XP level 5. HP: 29/37 MP: 5/5
  2323 | D:3      | Found a stormy altar of Qazlal.
  2429 | D:3      | Found a faded altar of an unknown god.
  2489 | D:4      | Reached skill level 4 in Fighting
  2510 | D:4      | Noticed a phantom
  2532 | D:4      | HP: 3/37 [orc/+0 club (3)]
  2543 | D:4      | HP: 4/55 [orc/+0 dagger (3)]
  2549 | D:4      | HP: 4/55 [orc/+0 trident (2)]
  2554 | D:4      | HP: 1/55 [orc/+0 trident (2)]
  2555 | D:4      | Killed a phantom
  2556 | D:4      | Reached skill level 4 in Shapeshifting
  2556 | D:4      | Reached XP level 6. HP: 2/44 MP: 6/6
  2852 | D:4      | Reached skill level 5 in Fighting
  3075 | D:4      | You fall into a shaft and drop 3 floors!
  3186 | D:7      | Noticed a sky beast
  3211 | D:6      | Killed a sky beast
  3212 | D:6      | Reached skill level 5 in Shapeshifting
  3376 | D:6      | Found a shimmering altar of Xom.
  3376 | D:6      | Noticed an angel
  3430 | D:6      | Reached XP level 7. HP: 44/50 MP: 7/7
  3526 | D:5      | Entered Level 5 of the Dungeon
  4045 | D:4      | Reached skill level 6 in Fighting
  4048 | D:4      | Reached skill level 6 in Shapeshifting
  4182 | D:4      | Found an ancient bone altar of Kikubaaqudgha.
  4226 | D:4      | Found a radiant altar of Vehumet.
  4679 | D:5      | Found a hazy altar of Hepliaklqana.
  4687 | D:5      | Reached XP level 8. HP: 51/57 MP: 8/8
  4925 | D:5      | Reached skill level 7 in Shapeshifting
  5137 | D:5      | Found a staircase to the Ecumenical Temple.
  5143 | Temple   | Entered the Ecumenical Temple
  5154 | Temple   | Became a worshipper of Gozag Ym Sagoz the Greedy
  5379 | D:5      | Reached skill level 4 in Unarmed Combat
  5573 | D:6      | Reached skill level 5 in Unarmed Combat
  5711 | D:6      | Identified the +6 dagger "Deynla" {flame, Dex+3}
  6041 | D:6      | Found a glowing silver altar of Zin.
  6075 | D:6      | Reached skill level 6 in Unarmed Combat
  6106 | D:6      | Found the Hermit's Pendant {Faith Invo=14 Evo=0 MP+5}
  6293 | D:6      | Killed an angel
  6617 | D:7      | Found a bloodstained altar of Trog.
  6625 | D:7      | Reached skill level 3 in Dodging
  6625 | D:7      | Reached XP level 9. HP: 27/63 MP: 9/9
  7234 | D:7      | Reached skill level 7 in Fighting
  7234 | D:7      | Reached skill level 4 in Dodging
  7268 | D:7      | Reached skill level 5 in Dodging
  7892 | D:8      | Noticed Psyche
  7892 | D:8      | Found Ykilediasm's Weapon Shoppe.
  7903 | D:8      | Killed Psyche
  8113 | D:8      | Noticed Erica
  8122 | D:8      | Killed Erica
  8123 | D:8      | Reached skill level 7 in Dodging
  8123 | D:8      | Reached skill level 8 in Shapeshifting
  8123 | D:8      | Reached XP level 10. HP: 54/71 MP: 10/10
  8123 | D:8      | Found a blossoming altar of Fedhas.
  8202 | D:8      | Noticed an oklob plant
  8232 | D:8      | Found a sacrificial altar of Ru.
  8880 | D:8      | Found Vesiann's Weapon Boutique.
  8908 | D:8      | Killed from afar by an orc priest

Vanquished Creatures
  Erica (D:8)
  Psyche (D:8)
  A steam dragon (D:7)
  A water moccasin (D:6)
  An orc warrior (D:8)
  3 sky beasts
  2 black bears
  2 centaurs (D:6)
  3 phantoms
  A kobold brigand (D:7)
  2 bullfrogs (D:8)
  2 scorpions
  6 killer bees (D:8)
  2 bombardier beetles
  3 howler monkeys
  A jelly (D:8)
  A gnoll bouda (D:7)
  4 hounds
  3 orc priests
  3 sleepcaps
  7 iguanas
  9 orc wizards
  Terence (D:3)
  3 adders
  11 gnolls
  3 shadow imps
  2 white imps
  3 dart slugs
  3 ribbon worms
  32 orcs
  10 ball pythons
  6 bats
  7 endoplasms
  8 goblins
  8 hobgoblins
  3 jackals
  13 kobolds
  8 quokkas
  4 frilled lizards
  4 rats
188 creatures vanquished.

Vanquished Creatures (others)
  An angel (D:6)
1 creature vanquished.

Grand Total: 189 creatures vanquished

Table legend: (Time is in decaauts)
 A = Elapsed time spent in this place.
 B = Non-inter-level travel time spent in this place.
 C = Inter-level travel time spent in this place.
 D = Time resting spent in this place.
 E = Time spent auto-exploring this place.
 F = Levels seen in this place.
 G = Mean time per level.
                   A        B        C        D        E       F      G
               +--------+--------+--------+--------+--------+-----+--------+
         Total |   8880 |   8682 |    198 |   1778 |   5474 |   9 |  986.7 |
       Dungeon |   8857 |   8671 |    186 |   1778 |   5474 |   8 | 1107.1 |
        Temple |     22 |     11 |     11 |      0 |      0 |   1 |   22.0 |
               +--------+--------+--------+--------+--------+-----+--------+

Top non-repeatable levels by time:
     D:6: 1710 daAuts
     D:4: 1616 daAuts
     D:1: 1147 daAuts
     D:7: 1102 daAuts
     D:8: 1005 daAuts
     D:2: 971 daAuts
     D:5: 818 daAuts
     D:3: 485 daAuts
  Temple: 22 daAuts

Table legend:
 A = Non-vault XP
 B = Vault XP
 C = Vault XP percentage of total XP
 D = Non-vault monster count
 E = Vault monster count
 F = Vault count percentage of total count
                 A         B        C        D         E       F
            +---------+---------+-------+---------+---------+-------
      Total |    4132 |    1390 |  25.2 |     177 |      11 |   5.9
            +---------+---------+-------+---------+---------+-------
        D:1 |      41 |       0 |   0.0 |      22 |       0 |   0.0
        D:2 |     108 |       4 |   3.6 |      26 |       1 |   3.7
        D:3 |      30 |      32 |  51.6 |      16 |       1 |   5.9
        D:4 |     492 |       0 |   0.0 |      27 |       0 |   0.0
        D:5 |     560 |      62 |  10.0 |      16 |       4 |  20.0
        D:6 |     900 |       0 |   0.0 |      15 |       0 |   0.0
        D:7 |    1011 |     125 |  11.0 |      30 |       3 |   9.1
        D:8 |     990 |    1167 |  54.1 |      25 |       2 |   7.4
            +---------+---------+-------+---------+---------+-------
